 Dungeon Crawl Stone Soup version 0.28-a0-724-g66f9036eb4 (webtiles) character file.

Game seed: 4650961665216228132

2 Lekart the Gusty (level 1, -2/14 HPs)
             Began as a Draconian Air Elementalist on Oct 26, 2021.
             Slain by a jackal (3 damage)
             ... on level 1 of the Dungeon.
             The game lasted 00:00:24 (163 turns).

Lekart the Gusty (Draconian Air Elementalist)        Turns: 163, Time: 00:00:25

Health: -2/14      AC:  4    Str: 10    XL:     1   Next: 33%
Magic:  0/3        EV: 12    Int: 15    God:
Gold:   10         SH:  0    Dex: 11    Spells: 3/4 levels left

rFire   . . .      SeeInvis .   (no weapon)
rCold   . . .      Faith    .   (no shield)
rNeg    . . .      Spirit   .   (armour unavailable)
rPois   .          Reflect  .   (helmet restricted)
rElec   .          Harm     .   (no cloak)
rCorr   .          Rampage  .   (no gloves)
Will    .....                   (no boots)
Stlth   ++........              (no amulet)
HPRegen 0.04/turn               (no ring)
MPRegen 0.08/turn               (no ring)

@: no status effects
A: AC +4, unfitting armour, cold-blooded
a: no special abilities


You were on level 1 of the Dungeon.
You visited 1 branch of the dungeon, and saw 1 of its levels.

You collected 10 gold pieces.

You aren't carrying anything.


   Skills:
 + Level 1.9 Dodging
 + Level 1.7 Stealth
 + Level 2.0 Spellcasting
 + Level 1.0 Conjurations
 + Level 3.1 Air Magic


You had 3 spell levels left.
You knew the following spells:

 Your Spells              Type           Power      Damage    Failure   Level
a - Shock                 Conj/Air       28%        1d4       10%         1

Your spell library contained the following spells:

 Spells                   Type           Power      Damage    Failure   Level
 Static Discharge         Conj/Air       7%         N/A       14%         2
 Swiftness                Air            10%        N/A       19%         3
 Airstrike                Air            5%         N/A       52%         4


Dungeon Overview and Level Annotations

Branches:
Dungeon (1/15)

Altars:


Innate Abilities, Weirdness & Mutations

Your plain brown scales are hard. (AC +4)
You cannot fit into any form of body armour.
You are cold-blooded and may be slowed by cold attacks.


Message History

The jackal is moderately wounded.
The jackal barely misses you.
The jackal bites you but does no damage.
You hit the jackal.
The jackal is almost dead.
The jackal barely misses you. The jackal completely misses you.
The jackal barely misses you.
You hit the jackal but do no damage.
The jackal is almost dead.
The jackal misses you. The jackal closely misses you. x2
Casting: Shock (safe; 10% risk of failure)
Confirm with . or Enter, or press ? or * to list all spells.
Aiming: Shock (safe; 10% risk of failure)
Press: ? - help, Shift-Dir - straight line, f/p - jackal
Aim: a jackal (almost dead, 60% to hit)
The zap hits the jackal.
You kill the jackal!
The zap misses the jackal. x2
The jackal bites you but does no damage.
The jackal barely misses you.
You barely miss the jackal.
Your tail-slap misses the jackal.
The jackal bites you. The jackal barely misses you. x2
You completely miss the jackal. The jackal bites you.
* * * LOW HITPOINT WARNING * * *
The jackal closely misses you.
You closely miss the jackal. The jackal closely misses you.
The jackal barely misses you.
The jackal bites you but does no damage.
The jackal barely misses you.
You closely miss the jackal.
The jackal bites you but does no damage.
The jackal closely misses you. The jackal completely misses you.
The jackal bites you.
* * * LOW HITPOINT WARNING * * *
You aren't carrying any scrolls.
You aren't carrying any potions.
You hit the jackal but do no damage. The jackal bites you.
* * * LOW HITPOINT WARNING * * *
The jackal bites you.
You die...

#.........# #.##..
.######..#####.....
............†..####
#.#..###.##...###
#.#..# #.###.##
###.#..###.# #.#
#..........# #.#
.###.###h###### #+#
......hh@#
####.#####


You could see 3 jackals.

Vanquished Creatures
  A hobgoblin (D:1)
  A jackal (D:1)
2 creatures vanquished.

Notes
Turn   | Place    | Note
-------+----------+-------------------------------------------
     0 | D:1      | Lekart the Draconian Air Elementalist began the quest for
                  | the Orb.
     0 | D:1      | Reached XP level 1. HP: 14/14 MP: 3/3
   163 | D:1      | Slain by a jackal

Illustrated notes

Levels and vault maps discovered:
D:1:      roderic_dead_forest, layout_loops_corners,
          hellmonk_ecumenical_altar_watching_god, serial_shops, shop

Action                   || total
-------------------------++-------
Melee: Unarmed           ||    19
       Tailslap          ||     1
 Cast: Shock             ||     7
Armor: Skin              ||     6
Dodge: Dodged            ||    24

Table legend: (Time is in decaauts)
 A = Elapsed time spent in this place.
 B = Non-inter-level travel time spent in this place.
 C = Inter-level travel time spent in this place.
 D = Time resting spent in this place.
 E = Time spent auto-exploring this place.
 F = Levels seen in this place.
 G = Mean time per level.
                   A        B        C        D        E       F      G
               +--------+--------+--------+--------+--------+-----+--------+
         Total |    163 |    163 |      0 |      0 |    133 |   1 |  163.0 |
       Dungeon |    163 |    163 |      0 |      0 |    133 |   1 |  163.0 |
               +--------+--------+--------+--------+--------+-----+--------+

Top non-repeatable levels by time:
     D:1: 163 daAuts
